 Dungeon Crawl Stone Soup version 0.14-a0-3194-g0089908 (webtiles) character file.

160588 Psiweapon the Fetichist (level 18, -13/143 HPs)
             Began as a Formicid Fighter on Mar 6, 2014.
             Was a High Priest of Cheibriados.
             Killed from afar by an octopode crusher (49 damage)
             ... with a shard of ice
             ... on Level 1 of the Depths on Mar 11, 2014.
             The game lasted 04:52:07 (40292 turns).

Psiweapon the Fetichist (Formicid Fighter)         Turns: 40292, Time: 04:52:08

HP -13/143       AC 23     Str 44      XL: 18   Next: 38%
MP  38/38        EV  9     Int 26      God: Cheibriados [*****.]
Gold 525         SH 51     Dex 23      Spells:  0 memorised, 17 levels left

rFire  + . .     SeeInvis +     e - +8 long sword of the Skies Above {elec, rPois Int+3}
rCold  . . .     Clarity  +     G - +2 chain mail {rF+}
rNeg   . . .     Conserve .     f - +2 large shield
rPois  +         rCorr    .     (helmet unavailable)
rElec  +         rRot     .     g - +2 cloak {+Inv}
SustAb . .       Spirit   .     (no gloves)
rMut   .         Warding  .     n - +1 pair of boots
Saprov . . .     Stasis   +     J - amulet of clarity
MR     +....                    v - ring of Mistrust {rElec Int+4}
                                Q - +0,+5 ring of slaying

@: very slow, somewhat resistant to hostile enchantments, extremely unstealthy
A: permanent stasis, dig shafts and tunnels, four strong arms, antennae 3,
hooves 1, repulsion field 1, rough black scales 1, dopey 1, sense surroundings 1
a: Dig, Shaft Self, Bend Time, Temporal Distortion, Slouch, Step From Time,
Renounce Religion, Evoke Invisibility


You were on level 1 of the Depths.
You worshipped Cheibriados.
Cheibriados was extremely pleased with you.
You were not hungry.

You visited 7 branches of the dungeon, and saw 35 of its levels.

You collected 2977 gold pieces.
You spent 2452 gold pieces at shops.

Inventory:

Hand weapons
 e - the +8,+8 long sword of the Skies Above (weapon) {elec, rPois Int+3}
   (You found it on level 3 of the Lair of Beasts)

   Occasionally, upon striking a foe, it will discharge some electrical energy
   and cause terrible harm.
   It affects your intelligence (+3).
   It protects you from poison.
 i - a +0,+0 great sword of electrocution
 j - a +0,+1 great mace
 l - a +1,+2 dire flail of crushing
 P - the +9,+9 Staff of Wucad Mu
   (You found it on level 8 of the Lair of Beasts)
Missiles
 Y - 2 large rocks (quivered)
Armour
 f - a +2 large shield (worn)
 g - a +2 cloak of darkness (worn)
 n - a +1 pair of boots (worn)
 G - a +2 chain mail of fire resistance (worn)
Magical devices
 b - a wand of teleportation (4)
 o - a wand of polymorph (11)
 t - a wand of disintegration (5)
 x - a wand of confusion (9)
 y - a wand of lightning (6)
 D - a wand of draining (7)
 M - a wand of paralysis (11)
 Z - a wand of cold (5)
Comestibles
 d - 10 bread rations
 F - 3 rotting chunks of ogre flesh
Scrolls
 m - 7 scrolls of remove curse
 u - 4 scrolls of identify
 E - 2 scrolls of fear
 H - 4 scrolls of fog
Jewellery
 h - the amulet "Briothom" {Spirit +Rage rPois}
   (You found it on level 1 of the Swamp)

   [amulet of guardian spirit]

   It protects you from poison.
   It lets you go berserk.
   Cheibriados disapproves of the use of such an item.
 p - a +2 ring of evasion
 s - an uncursed ring of protection from magic
 v - the ring of Mistrust (right hand) {rElec Int+4}
   (You bought it in a shop on level 4 of the Orcish Mines)

   [ring of intelligence]

   It affects your intelligence (+4).
   It insulates you from electricity.
 z - an uncursed ring of protection from fire
 A - a +1 ring of protection
 I - an uncursed ring of magical power
 J - an amulet of clarity (around neck)
 K - an uncursed amulet of resist corrosion
 L - an uncursed ring of positive energy
 O - an uncursed ring of poison resistance
 Q - a +0,+5 ring of slaying (left hand)
 U - the amulet of the Castellan {rMut Int+3 Acc+4}
   (You found it on level 12 of the Dungeon)

   [amulet of resist mutation]

   It affects your intelligence (+3).
   It affects your accuracy with ranged weapons and melee attacks (+4).
Potions
 k - a potion of might
 q - 5 potions of curing
 r - a potion of resistance
 w - 2 potions of agility
 B - 6 potions of restore abilities
 T - a potion of flight
 W - 4 potions of heal wounds
 X - 2 potions of brilliance
Miscellaneous
 a - a disc of storms
 C - a lantern of shadows
 R - a phial of floods
Rods
 c - a +9 lightning rod (15/15)
   (You acquired it on level 2 of the Lair of Beasts)


   Skills:
 + Level 13.0 Fighting
 - Level 10.0 Long Blades
 - Level 8.5 Maces & Flails
 - Level 3.9 Throwing
 - Level 10.5 Armour
 - Level 12.9 Shields
 - Level 11.3 Invocations
 + Level 20.5 Evocations


You had 17 spell levels left.
You didn't know any spells.

Dungeon Overview and Level Annotations

Branches:
Dungeon (16/16)            Temple (1/1) D:4             Orc (4/4) D:10
    Elf (0/3) Orc:3          Lair (8/8) D:10          Swamp (2/5) Lair:6
 Spider (3/5) Lair:4        Slime (0/6) Lair:8       Vaults (0/5) D:15
 Depths (1/6) D:16

Altars:
Ashenzari
Cheibriados
Dithmenos
Kikubaaqudgha
Trog
The Shining One
Jiyva

Shops:
D:4 ?   D:14 =   D:15 *   Orc:1 =   Orc:4 ?}*=}

Portals:
Trove: D:15 (give 18 potions of curing)

Annotations:
D:14 1 exclusion
Spider:3 exclusion: Roxanne, Nikola, Roxanne


Innate Abilities, Weirdness & Mutations

Your are under a permanent stasis effect.
You can dig through walls and to a lower floor.
Your four strong arms can wield any weapon, most with a shield.
You have a pair of large antennae on your head (SInv).
You have large cloven feet.
You are surrounded by a mild repulsion field (EV +2).
You are partially covered in rough black scales (AC +4, Dex -1).
You are dopey. (Int -2)
You passively map a small area around you.


Message History

You kick the ice dragon.
The ice dragon is moderately wounded.
You block the ice dragon's attack.
The ice dragon claws you but does no damage.
You block the ice dragon's attack.
You slash the ice dragon!
There is a sudden explosion of sparks!
Your kick misses the ice dragon.
The ice dragon is severely wounded.
You block the ice dragon's attack.
The ice dragon tramples you but does no damage.
The octopode crusher stares at you and mumbles some strange words.
The shard of ice hits you!
* * * LOW HITPOINT WARNING * * *
You hit the ice dragon.
You kick the ice dragon, but do no damage.
The ice dragon is severely wounded.
You block the ice dragon's attack.
The octopode crusher stares at you and mumbles some strange words.
The shard of ice hits you!
You die...

, , . * , ≈... * *
≈≈..., * ≈≈≈... *
.≈≈≈...#*
..≈≈...##* ,
≈.......##### ≈
,.........#...##
##......D@.....# *
........(E...≈.##
.............≈... ,
........x.....≈....
, ,
..........)..≈≈....
.. ,
..........)..≈≈....
...
..........≈≈≈≈...##
....
.........≈........#
.....
.....≈≈≈...........


You could see an octopode crusher, an ice dragon and a water elemental.

Vanquished Creatures
  Sojobo (Depths:1)
  A thorn hunter (Swamp:2)
  3 tengu reavers (Depths:1)
  Rupert (Lair:7)
  Agnes (Swamp:2)
  Frances (D:14)
  Maud (Lair:6)
  An octopode crusher (Depths:1)
  A stone giant (Depths:1)
  A fire dragon (D:16)
  A yaktaur captain (D:16)
  Fannar (Lair:6)
  Josephine (Swamp:1)
  16 hydras
  A deep troll earth mage (Depths:1)
  A shambling mangrove (Swamp:2)
  3 alligators
  5 tengu warriors
  13 death yaks
  3 ogre magi
  4 orc high priests (Orc:4)
  A centaur warrior (D:16)
  A deep troll shaman (Depths:1)
  Nergalle (Lair:7)
  2 deep trolls (Depths:1)
  3 catoblepae
  3 orb spiders
  3 skeletal warriors (D:11)
  3 unseen horrors
  The ghost of ghwc the Ruinous, an experienced HuWz of Vehumet (D:6)
  Pikel (D:7)
  5 hill giants
  2 harpies (Depths:1)
  2 griffons
  8 wolf spiders
  2 orc knights (D:16)
  2 orc sorcerers (Orc:4)
  A red wasp (D:16)
  3 black mambas
  4 cyclopes
  3 elephants (D:10)
  2 yaktaurs (Depths:1)
  13 spiny frogs
  10 jumping spiders
  10 komodo dragons
  A spriggan (shapeshifter) (D:13)
  2 centaur skeletons (D:15)
  5 trolls
  6 two-headed ogres
  A hydra zombie (Swamp:1)
  Sonja (Swamp:1)
  A polar bear (D:14)
  2 fire drakes
  Prince Ribbit (D:6)
  A hydra skeleton (D:16)
  11 blink frogs
  A boulder beetle (Spider:1)
  A giant leech (Swamp:1)
  7 ravens
  5 basilisks
  2 baby alligators
  24 slime creatures
  2 bog bodies (Swamp:2)
  3 grizzly bears
  3 wraiths
  3 air elementals (Depths:1)
  A grizzly bear (shapeshifter) (D:14)
  5 redbacks
  17 shadows
  A shark (Lair:6)
  2 hogs (D:14)
  13 ugly things
  A griffon skeleton (D:12)
  5 trapdoor spiders
  3 tarantellas (Spider:2)
  A trapdoor spider (shapeshifter) (D:15)
  3 water elementals (Depths:1)
  A hill giant zombie (D:11)
  63 yaks
  8 hippogriffs
  A hill giant skeleton (D:8)
  12 vampire mosquitoes
  A wyvern (Lair:6)
  3 spriggan skeletons (D:9)
  3 hungry ghosts
  A gargoyle (D:9)
  Edmund (D:5)
  11 swamp worms
  2 soldier ants
  2 necrophages
  10 wolves
  3 giant goldfish
  24 orc warriors
  8 spiders
  A spiny frog skeleton (Swamp:1)
  19 porcupines
  6 swamp drakes
  3 black bears
  A phantom (D:5)
  A swamp dragon zombie (Swamp:1)
  11 centaurs
  2 ice beasts
  14 ogres
  4 sky beasts
  3 boring beetles
  The ghost of oldblader the Ruinous, an average DrCj (D:4)
  15 water moccasins
  Sigmund (D:6)
  Duvessa (D:7)
  A brain worm (D:16)
  16 crocodiles
  10 giant slugs
  4 yellow wasps
  2 wargs
  Blork the orc (D:6)
  21 giant frogs
  A giant slug zombie (D:15)
  A yaktaur skeleton (D:16)
  A boulder beetle zombie (D:16)
  A troll zombie (D:10)
  2 eyes of draining
  7 killer bees
  An electric eel (Lair:3)
  A troll skeleton (D:11)
  A jelly (D:5)
  Dowan (D:7)
  8 crimson imps
  6 goliath beetles
  11 iguanas
  14 two-headed ogre zombies (D:12)
  14 hounds
  Crazy Yiuf (D:2)
  A quasit (D:13)
  5 scorpions
  41 orc priests
  2 giant frog skeletons
  5 big fish
  11 worker ants
  32 orc wizards
  A giant frog simulacrum (Swamp:1)
  2 ogre skeletons (D:9)
  A mummy (D:13)
  A worker ant zombie (D:6)
  8 gnolls
  30 adders
  84 green rats
  A swamp drake zombie (Swamp:1)
  4 giant mites
  12 white imps (Lair:3)
  5 worms
  A shadow imp (D:9)
  An adder zombie (D:7)
  3 giant eyeballs
  8 giant geckos
  An ooze (D:4)
  146 orcs
  2 ball pythons
  5 giant cockroaches
  18 goblins
  29 hobgoblins
  18 jackals
  32 bats
  8 giant newts
  A giant spore (D:10)
  A hobgoblin skeleton (D:5)
  12 kobolds
  An orc skeleton (D:4)
  2 orc zombies (D:5)
  12 quokkas
  20 rats
  2 rat skeletons
  A rat zombie (D:5)
  3 ballistomycetes
  2 briar patches (Swamp:2)
  4 fungi
  A plant (Lair:3)
1225 creatures vanquished.

Vanquished Creatures (collateral kills)
  A tengu reaver (Depths:1)
  Louise (D:15)
  An emperor scorpion (Depths:1)
  An octopode crusher (Depths:1)
  The ghost of Mrmini231 the Destroyer, a powerful DsCj of Makhleb (Lair:8)
  Harold (D:13)
  A hydra (D:16)
  3 death yaks (Lair:8)
  A deep troll shaman (Lair:8)
  5 centaur warriors
  A hell knight (D:16)
  A skeletal warrior (D:11)
  2 deep elf knights
  4 hill giants
  2 unseen horrors
  3 orb spiders (Spider:2)
  5 wolf spiders
  2 cyclopes
  4 elephants (Lair:8)
  A guardian serpent (D:11)
  A spiny frog (Lair:8)
  A yaktaur (Depths:1)
  A centaur zombie (D:16)
  A demonic crawler (Spider:2)
  A komodo dragon (Lair:8)
  4 jumping spiders (Spider:2)
  A polar bear (D:14)
  6 two-headed ogres
  A baby alligator (Swamp:1)
  5 trolls
  4 slime creatures
  2 blink frogs (Lair:7)
  A boulder beetle (Spider:1)
  6 grizzly bears
  3 water elementals (Depths:1)
  12 yaks
  5 tarantellas
  8 redbacks
  4 trapdoor spiders
  2 hippogriffs
  4 ugly things
  3 sharks
  A vampire (D:16)
  A deep elf mage (Depths:1)
  2 elephant slugs (Lair:8)
  4 vampire mosquitoes
  2 wolves
  A warg (Orc:1)
  2 mottled dragons
  3 water moccasins (Lair:8)
  A gargoyle (D:14)
  2 ice beasts (D:11)
  17 spiders
  3 black bears
  A sky beast (D:13)
  3 ogres
  A porcupine (Lair:7)
  7 orc warriors
  A brain worm (D:15)
  A manticore skeleton (D:11)
  2 big kobolds
  A centaur (D:16)
  A giant slug (Lair:7)
  4 giant frogs
  A cyclops zombie (D:11)
  A jelly (D:11)
  4 electric eels (Spider:2)
  A hippogriff skeleton (D:12)
  2 crimson imps (D:11)
  An orc priest (D:13)
  3 worker ants
  2 hounds
  5 big fish (Spider:2)
  6 orc wizards
  An elf skeleton (D:14)
  A sheep (D:14)
  An ogre skeleton (D:11)
  A brain worm zombie (D:14)
  A scorpion zombie (D:11)
  4 adders
  2 green rats (Lair:8)
  An iguana skeleton (D:11)
  2 giant eyeballs
  61 orcs
  A giant cockroach (Spider:1)
  5 goblins
  A hobgoblin (Orc:1)
  8 kobolds
  A quokka (D:11)
  A bat (Lair:2)
  A butterfly (Lair:8)
  2 fungi
299 creatures vanquished.

Vanquished Creatures (others)
  A water elemental (Depths:1)
  162 shadows
  A giant frog (D:7)
  A crimson imp (D:15)
  An orc (D:7)
  A hobgoblin (D:7)
  A giant spore (D:13)
  10 fungi
  A plant (Lair:8)
179 creatures vanquished.

Grand Total: 1703 creatures vanquished

Notes
Turn   | Place    | Note
--------------------------------------------------------------
     0 | D:1      | Psiweapon, the Formicid Fighter, began the quest for the Orb.
     0 | D:1      | Reached XP level 1. HP: 18/18 MP: 1/1
     0 | D:1      | Noticed a jelly
   187 | D:1      | Reached XP level 2. HP: 22/24 MP: 3/3
   441 | D:1      | Reached XP level 3. HP: 29/29 MP: 4/4
   735 | D:2      | Reached XP level 4. HP: 35/35 MP: 5/5
   839 | D:2      | Reached skill level 4 in Long Blades
  1305 | D:2      | Reached XP level 5. HP: 38/41 MP: 7/7
  1851 | D:2      | Noticed Crazy Yiuf
  1869 | D:2      | Killed Crazy Yiuf
  1869 | D:2      | Reached skill level 5 in Long Blades
  2255 | D:3      | Reached XP level 6. HP: 37/47 MP: 8/8
  2631 | D:3      | Noticed an ogre
  2635 | D:3      | Killed an ogre
  2635 | D:3      | Reached skill level 6 in Long Blades
  3257 | D:4      | Found a staircase to the Ecumenical Temple.
  3272 | Temple   | Entered the Ecumenical Temple
  3281 | Temple   | Became a worshipper of Cheibriados the Contemplative
  3336 | D:4      | Found Ejanu's Magic Scroll Shop.
  3339 | D:4      | Bought a scroll of identify for 22 gold pieces
  3339 | D:4      | Bought a scroll of identify for 22 gold pieces
  3339 | D:4      | Bought a scroll of identify for 22 gold pieces
  3339 | D:4      | Bought a scroll of remove curse for 33 gold pieces
  3395 | D:4      | Reached skill level 7 in Long Blades
  3395 | D:4      | Reached XP level 7. HP: 52/52 MP: 9/9
  3700 | D:4      | Noticed oldblader's ghost (average DrCj)
  3742 | D:4      | Killed oldblader's ghost
  3742 | D:4      | Reached skill level 8 in Long Blades
  4325 | D:4      | Reached XP level 8. HP: 58/58 MP: 14/14
  4382 | D:5      | Entered Level 5 of the Dungeon
  4720 | D:6      | Reached skill level 5 in Evocations
  4877 | D:6      | Noticed Blork the orc
  4880 | D:6      | Noticed ghwc's ghost (experienced HuWz)
  5003 | D:7      | Noticed Duvessa
  5006 | D:7      | Noticed Dowan
  5017 | D:7      | Killed Duvessa
  5050 | D:7      | Killed Dowan
  5481 | D:7      | Noticed Pikel
  5512 | D:7      | You fall through a shaft!
  5725 | D:8      | Acquired Cheibriados' first power
  5762 | D:8      | Reached XP level 9. HP: 63/63 MP: 21/21
  5932 | D:8      | Reached skill level 9 in Evocations
  6151 | D:7      | Killed Pikel
  6151 | D:7      | Reached skill level 10 in Evocations
  6645 | D:8      | Reached skill level 11 in Evocations
  6798 | D:8      | Reached skill level 1 in Throwing
  7004 | D:8      | Reached XP level 10. HP: 68/70 MP: 25/25
  7185 | D:8      | Acquired Cheibriados' second power
  7441 | D:9      | Reached skill level 12 in Evocations
  7649 | D:9      | Found a shadowy altar of Dithmenos.
  7649 | D:9      | Found a glowing golden altar of the Shining One.
  8275 | D:9      | Reached skill level 1 in Maces & Flails
  8292 | D:9      | Noticed an unseen horror
  8310 | D:9      | Killed an unseen horror
  8310 | D:9      | Reached skill level 13 in Evocations
  8522 | D:10     | Entered Level 10 of the Dungeon
  8557 | D:10     | Noticed an elephant
  8562 | D:10     | Noticed an elephant
  8562 | D:10     | Killed an elephant
  8562 | D:10     | Reached XP level 11. HP: 75/75 MP: 28/28
  8568 | D:10     | Noticed an elephant
  8570 | D:10     | Killed an elephant
  8572 | D:10     | Reached skill level 5 in Maces & Flails
  8579 | D:10     | Killed an elephant
  8579 | D:10     | Reached skill level 14 in Evocations
  8594 | D:10     | Found a staircase to the Lair.
  8771 | D:10     | Found a staircase to the Orcish Mines.
  8858 | D:10     | Noticed a hill giant
  8861 | D:10     | Killed a hill giant
  8906 | Lair:1   | Entered Level 1 of the Lair of Beasts
  9004 | Lair:1   | Reached skill level 1 in Invocations
  9243 | Lair:1   | Acquired Cheibriados' third power
  9397 | Lair:1   | Noticed a four-headed hydra
  9402 | Lair:1   | Killed a four-headed hydra
  9402 | Lair:1   | Reached XP level 12. HP: 81/81 MP: 29/29
 10213 | Lair:2   | Reached skill level 5 in Invocations
 10957 | Lair:2   | Noticed a six-headed hydra
 10963 | Lair:2   | Killed a six-headed hydra
 11217 | Lair:2   | Noticed a four-headed hydra
 11227 | Lair:2   | Killed a four-headed hydra
 11227 | Lair:2   | Reached skill level 5 in Armour
 11304 | Lair:2   | Noticed a four-headed hydra
 11306 | Lair:2   | Killed a four-headed hydra
 11401 | Lair:2   | Noticed an eight-headed hydra
 11406 | Lair:2   | Killed an eight-headed hydra
 12136 | Lair:3   | Noticed a six-headed hydra
 12155 | Lair:3   | Killed a six-headed hydra
 12454 | Lair:3   | Found a frozen archway.
 12614 | Lair:3   | Got an ancient long sword
 12617 | Lair:3   | Identified the +8,+8 long sword of the Skies Above {elec, rPois Int+3} (You found it on level 3 of the Lair of Beasts)
 12855 | Lair:3   | Reached XP level 13. HP: 77/86 MP: 31/31
 13274 | Lair:3   | Reached skill level 10 in Invocations
 13308 | Lair:3   | Noticed a catoblepas
 13330 | Lair:3   | You fall through a shaft!
 13606 | Lair:3   | Killed a catoblepas
 14312 | D:6      | Killed Blork the orc
 14319 | D:6      | Killed ghwc's ghost
 14370 | D:6      | Reached skill level 10 in Armour
 14443 | D:5      | Noticed Edmund
 14457 | D:5      | Killed Edmund
 14708 | D:6      | Noticed a komodo dragon
 14712 | D:6      | Killed a komodo dragon
 14750 | D:6      | Noticed Sigmund
 14754 | D:6      | Killed Sigmund
 14875 | D:6      | Noticed Prince Ribbit
 14879 | D:6      | Killed Prince Ribbit
 15641 | Lair:2   | Identified a scroll of acquirement
 15654 | Lair:2   | Upgraded the game from 0.14-a0-2986-gd1872aa to 0.14-a0-3134-g2c86dbf
 16433 | Lair:4   | Found a hole to the Spider Nest.
 16840 | Lair:5   | Reached skill level 5 in Fighting
 16871 | Lair:5   | Reached skill level 5 in Shields
 17568 | Lair:6   | Noticed Fannar
 17571 | Lair:6   | Reached XP level 14. HP: 99/99 MP: 32/32
 17594 | Lair:6   | Killed Fannar
 17666 | Lair:6   | Found a staircase to the Swamp.
 17805 | Lair:6   | Noticed Maud
 17822 | Lair:6   | Killed Maud
 19118 | Lair:7   | Noticed Nergalle
 19125 | Lair:7   | Killed Nergalle
 19127 | Lair:7   | Noticed Rupert
 19159 | Lair:7   | Killed Rupert
 19159 | Lair:7   | Reached skill level 15 in Evocations
 19959 | Lair:8   | Entered Level 8 of the Lair of Beasts
 20360 | Lair:8   | Found a staircase to the Slime Pits.
 20360 | Lair:8   | Found a viscous altar of Jiyva.
 20703 | Lair:8   | Reached XP level 15. HP: 56/110 MP: 8/33
 20707 | Lair:8   | Reached skill level 16 in Evocations
 20965 | Lair:8   | Noticed Mrmini231's ghost (powerful DsCj)
 20981 | Lair:8   | Killed Mrmini231's ghost
 21273 | Lair:8   | Reached skill level 10 in Shields
 21500 | Lair:8   | Got a crystal war axe
 21874 | Orc:1    | Entered Level 1 of the Orcish Mines
 23064 | Orc:1    | Found Wepuli's Jewellery Boutique.
 23084 | Orc:1    | Bought an uncursed amulet of clarity for 240 gold pieces
 23084 | Orc:1    | Bought a +0,+5 ring of slaying for 824 gold pieces
 23300 | Orc:3    | Found a staircase to the Elven Halls.
 23455 | Orc:3    | Found an ancient bone altar of Kikubaaqudgha.
 23725 | Orc:4    | Entered Level 4 of the Orcish Mines
 24215 | Orc:4    | Found Woel's Magic Scroll Shoppe.
 24447 | Orc:4    | Upgraded the game from 0.14-a0-3134-g2c86dbf to 0.14-a0-3154-g428849b
 24543 | Orc:4    | Reached skill level 17 in Evocations
 24749 | Orc:4    | Found Anicvaoj's Gadget Shop.
 24749 | Orc:4    | Found Xaetepta's General Store.
 24769 | Orc:4    | Found Steuvubu's Gadget Boutique.
 24769 | Orc:4    | Found Ypumy's Jewellery Boutique.
 24917 | Orc:4    | Bought the ring of Mistrust {rElec Int+4} for 656 gold pieces
 25061 | Orc:4    | Bought a scroll of recharging for 161 gold pieces
 25061 | Orc:4    | Bought a scroll of recharging for 161 gold pieces
 27722 | D:12     | Reached XP level 16. HP: 65/116 MP: 35/35
 27915 | D:12     | Got a shimmering bone amulet
 27916 | D:12     | Identified the amulet of the Castellan {rMut Int+3 Acc+4} (You found it on level 12 of the Dungeon)
 28388 | Lair:2   | Upgraded the game from 0.14-a0-3154-g428849b to 0.14-a0-3167-gc8df72d
 28518 | Spider:1 | Entered Level 1 of the Spider Nest
 29293 | Spider:2 | Reached skill level 10 in Long Blades
 30215 | Spider:3 | Noticed Roxanne
 30224 | Spider:3 | Noticed Nikola
 30675 | Swamp:1  | Entered Level 1 of the Swamp
 30990 | Lair:6   | Upgraded the game from 0.14-a0-3167-gc8df72d to 0.14-a0-3194-g0089908
 31573 | Swamp:1  | Noticed Sonja
 31576 | Swamp:1  | Killed Sonja
 31585 | Swamp:1  | Reached skill level 18 in Evocations
 31698 | Swamp:1  | Got a scintillating copper amulet
 31704 | Swamp:1  | Identified the amulet "Briothom" {Spirit +Rage rPois} (You found it on level 1 of the Swamp)
 31958 | Swamp:1  | Noticed Josephine
 31964 | Swamp:1  | Killed Josephine
 32928 | Swamp:2  | Noticed a thorn hunter
 32942 | Swamp:2  | Killed a thorn hunter
 33291 | Swamp:2  | Noticed Agnes
 33296 | Swamp:2  | Killed Agnes
 33296 | Swamp:2  | Reached XP level 17. HP: 105/126 MP: 30/36
 34551 | D:13     | Noticed Harold
 34557 | D:13     | Killed Harold
 34576 | D:13     | Reached skill level 10 in Fighting
 34989 | D:14     | Found Bageliva's Jewellery Shop.
 34993 | D:14     | Bought a cursed ring of hunger for 32 gold pieces
 35303 | D:14     | Noticed Frances
 35309 | D:14     | Killed Frances
 35344 | D:14     | Found a snail-covered altar of Cheibriados.
 35410 | D:14     | Reached skill level 19 in Evocations
 35677 | D:15     | Entered Level 15 of the Dungeon
 35677 | D:15     | Found a portal to a secret trove of treasure.
 35700 | D:15     | Found a shattered altar of Ashenzari.
 35717 | D:15     | Noticed Louise
 35720 | D:15     | Killed Louise
 36481 | D:15     | Found Kiunaupt's General Store.
 36488 | D:15     | Bought a +2 cloak of darkness for 279 gold pieces
 36565 | D:15     | Found a gate to the Vaults.
 37699 | D:16     | Entered Level 16 of the Dungeon
 38061 | D:16     | Found a staircase to the Depths.
 38637 | Lair:2   | Gained mutation: You are dopey. (Int -2) [potion of mutation]
 38637 | Lair:2   | Gained mutation: You are partially covered in rough black scales (AC +4, Dex -1). [potion of mutation]
 38637 | Lair:2   | Gained mutation: You are surrounded by a mild repulsion field (EV +2). [potion of mutation]
 38638 | Lair:2   | Gained mutation: You have large cloven feet. [potion of mutation]
 38638 | Lair:2   | Gained mutation: You passively map a small area around you. [potion of mutation]
 39404 | Depths:1 | Entered Level 1 of the Depths
 39606 | Depths:1 | Noticed Sojobo
 39610 | Depths:1 | Reached skill level 20 in Evocations
 39613 | Depths:1 | Reached XP level 18. HP: 84/140 MP: 23/38
 39619 | Depths:1 | Killed Sojobo
 40292 | Depths:1 | Killed from afar by an octopode crusher

Action                   |  1- 3 |  4- 6 |  7- 9 | 10-12 | 13-15 | 16-18 || total
-------------------------+-------+-------+-------+-------+-------+-------++-------
Melee: Falchion          |   163 |   336 |   639 |   155 |       |       ||  1293
       Great mace        |       |       |       |   424 |    10 |       ||   434
       Long sword        |       |       |       |    39 |  1125 |   608 ||  1772
       Rod               |       |       |       |       |     4 |     1 ||     5
Throw: Large rock        |       |    11 |    27 |    26 |    61 |    22 ||   147
       Tomahawk          |       |       |    24 |    11 |    10 |       ||    45
       Javelin           |       |       |       |       |    10 |     6 ||    16
Invok: Bend Time         |       |       |     3 |     6 |     1 |     1 ||    11
       Slouch            |       |       |       |     6 |     7 |    14 ||    27
       Step From Time    |       |       |       |       |     1 |       ||     1
 Abil: Dig               |       |       |     3 |     4 |    10 |     1 ||    18
       Shaft Self        |       |       |     1 |       |     1 |       ||     2
Evoke: Wand              |       |     1 |     3 |    22 |     6 |     7 ||    39
       Rod               |       |       |       |       |    50 |    63 ||   113
       Disc of storms    |       |       |       |       |       |     3 ||     3
       Phial of floods   |       |       |       |       |       |     1 ||     1
  Use: Scroll            |       |     7 |     3 |     9 |    18 |     8 ||    45
       Potion            |       |       |     2 |     4 |     2 |     5 ||    13
 Stab: Confused          |       |       |       |     2 |       |     2 ||     4
       Distracted        |       |       |       |       |     5 |     3 ||     8
       Paralysed         |       |       |       |       |       |     2 ||     2
